 Dungeon Crawl Stone Soup version 0.30-a0-122-g2a1322497e (webtiles) character file.

Game seed: 5316928209111310695

32284 Dreamer the Basher (level 14, -6/111 HPs)
             Began as a Formicid Berserker on Sept 17, 2022.
             Was a High Priest of Trog.
             Killed from afar by Frances (34 damage)
             ... with a shard of ice
             ... on level 12 of the Dungeon.
             The game lasted 01:18:44 (23383 turns).

Dreamer the Basher (Formicid Berserker)            Turns: 23383, Time: 01:18:46

Health: -6/111     AC: 22    Str: 25    XL:     14   Next: 1%
Magic:  19/19      EV: 10    Int:  7    God:    Trog [*****.]
Gold:   1192       SH:  5    Dex: 13    Spells: 13/13 levels left

rFire   + + .      SeeInvis +    i - +7 morningstar "Evoed" {vorpal, rC+}
rCold   + . .      Faith    .    (no shield)
rNeg    . . .      Spirit   .    a - +2 chain mail {rF+}
rPois   .          Reflect  +    (helmet unavailable)
rElec   .          Harm     .    C - +0 cloak
rCorr   .          Rampage  .    V - +0 pair of gloves
Will    +++..                    y - +0 pair of boots
Stlth   ..........               E - amulet of reflection
HPRegen 1.28/turn                I - ring of protection from fire
MPRegen 0.16/turn                B - +4 ring of protection

@: strong-willed, regenerating, invisible, unable to read
A: permanent stasis, dig shafts and tunnels, antennae 3, four strong arms,
iridescent scales 1, weak 1, inability to read after injury 1, noise suppression
a: Dig, Shaft Self, Renounce Religion, Trog's Hand, Brothers in Arms


You were on level 12 of the Dungeon.
You worshipped Trog.
Trog was extremely pleased with you.
You visited 3 branches of the dungeon, and saw 16 of its levels.
You also visited: Bailey and Volcano.

You collected 1192 gold pieces.

Inventory:

Hand Weapons
 i - the +7 morningstar "Evoed" (weapon) {vorpal, rC+}
   (Trog gifted it to you on level 2 of the Lair of Beasts)

   It inflicts extra damage upon your enemies.
   rC:        It protects you from cold.
 A - a +1 great mace of flaming
 T - a +0 giant club
Missiles
 n - 11 poisoned darts (quivered)
 J - a throwing net
 K - 5 atropa-tipped darts
 Z - 3 datura-tipped darts
Armour
 a - a +2 chain mail of fire resistance (worn)
 y - a +0 pair of boots (worn)
 C - a +0 cloak (worn)
 V - a +0 pair of gloves (worn)
Jewellery
 j - a ring of fire
 q - a +4 ring of evasion
 r - a ring of ice
 B - a +4 ring of protection (right hand)
 E - an amulet of reflection (around neck)
 I - a ring of protection from fire (left hand)
 M - a +4 ring of protection
 Y - a ring of resist corrosion
Wands
 D - a wand of polymorph (8)
 R - a wand of acid (1)
 S - a wand of roots (4)
 U - a wand of paralysis (4)
Scrolls
 c - 4 scrolls of vulnerability
 d - 2 scrolls of blinking {unknown}
 e - 4 scrolls of magic mapping
 h - 2 scrolls of immolation {unknown}
 k - 3 scrolls of brand weapon
 l - 2 scrolls of torment {unknown}
 m - 2 scrolls of noise
 o - 3 scrolls of poison {unknown}
 s - 4 scrolls of enchant armour
 u - a scroll of silence {unknown}
 x - 3 scrolls of acquirement {unknown}
 F - 3 scrolls of amnesia {unknown}
 H - 5 scrolls of enchant weapon
 N - a scroll of fog {unknown}
 Q - 4 scrolls of summoning
Potions
 b - a potion of magic
 f - 2 potions of resistance
 g - a potion of lignification
 p - 6 potions of attraction
 t - 7 potions of brilliance
 v - a potion of invisibility
 z - 4 potions of curing
 G - a potion of might {unknown}
 P - a potion of cancellation
 X - a potion of heal wounds


   Skills:
 + Level 10.6 Fighting
 * Level 13.2 Maces & Flails
 * Level 12.9 Throwing
 + Level 7.8 Armour
 + Level 5.8 Dodging
 + Level 7.1 Invocations


You had 13 spell levels left.
You didn't know any spells.
Your spell library was empty.

Dungeon Overview and Level Annotations

Branches:
Dungeon (12/15)            Temple (1/1) D:4            Lair (3/5) D:9
    Orc (0/2) D:12         Bailey (visited)         Volcano (visited)
  Swamp: Lair:2-3    Shoals: Lair:2-3     Snake: Lair:2-3    Spider: Lair:2-3

Altars:
Cheibriados
Dithmenos
Elyvilon
Fedhas
Ru
Vehumet
The Shining One

Shops:
D:1 ?

Portals:
Abyss: D:3

Annotations:
D:3 2 transporters, niknal's ghost, amateur GrFi
D:10 1 runed translucent door, exclusion: door
D:12 Frances
Lair:3 Kirke


Innate Abilities, Weirdness & Mutations

You cannot be hasted, slowed, berserked, paralysed or teleported.
You can dig through walls and to a lower floor.
You have a pair of large antennae on your head. (SInv)
Your four strong arms can wield two-handed weapons with a shield.
You are partially covered in iridescent scales. (AC +2)
You are weak. (Str -2)
You occasionally lose the ability to read scrolls when taking damage.
You passively dampen the noise of your surroundings.


Message History

You sock Frances!
Frances is moderately wounded.
Frances closely misses you.
You completely miss Frances.
Frances is moderately wounded.
Frances hits you with a +0 hand axe. The smoke demon gestures at you.
Something smites you! Frances closely misses you.
You closely miss Frances.
Frances is moderately wounded.
The smoke demon gestures at you. Something smites you!
Frances hits you with a +0 hand axe!
Okay, then.
Your skin crawls.
You feel strong-willed. Frances hits you but does no damage.
You closely miss Frances.
Frances is moderately wounded.
Frances hits you but does no damage. Frances hits you with a +0 hand axe!
You fade into invisibility!
Frances completely misses you.
You closely miss Frances.
Frances is moderately wounded.
Frances hits you but does no damage. The smoke demon gestures at you.
Something smites you!
* * * LOW HITPOINT WARNING * * *
You closely miss Frances.
Frances is moderately wounded.
You block Frances's attack. Frances hits you but does no damage.
You hit Frances.
Frances is moderately wounded.
Frances hits you but does no damage.
You bludgeon Frances!!
Frances is heavily wounded.
The orange demon disappears in a puff of smoke!
Frances chants phrases taken from a devil's mouth.
The shard of ice hits you!! You partially resist.
You feel threatened and lose the ability to read scrolls!
You die...

### ..# #)# #
.)#####.# ########
.)....#.# #..##..#
###.###..##....#.#
#..###........##.#
###)..####.#.#.#@#
.))##.#..#.....#@#
.)##.#....#.#.##3#
.......##).#####3##
#...#.#...#.# #..#
..#..##.###.# #..#
#...>.... ..
#..######
####....#. ..#
#...#...#
#...##.##.#.
#..##...##


You could see Frances (fast), a soul eater (summoned) and a smoke demon
(summoned, unable to see you).

Vanquished Creatures
  A ghost moth (Volcano)
  4 two-headed ogres
  2 orc knights (Bailey)
  2 cyclopes (D:12)
  3 salamanders (Volcano)
  7 elephants
  2 black mambas (Lair:1)
  11 cane toads
  2 gargoyles
  2 unseen horrors
  Maggie (D:8)
  A kobold demonologist (D:11)
  9 komodo dragons
  2 rime drakes
  An efreet (D:9)
  2 trolls (D:11)
  A hornet (Lair:2)
  2 polar bears (Lair:2)
  17 yaks
  4 shadows
  6 wyverns
  2 basilisks
  4 steam dragons
  5 wraiths
  9 fire bats (Volcano)
  A hog (Lair:2)
  4 vampire mosquitoes (D:10)
  An acid dragon (D:10)
  Duvessa (D:7)
  11 orc warriors
  8 water moccasins
  2 sky beasts
  4 black bears
  4 ice beasts
  3 ogres
  8 wolves (Lair:2)
  3 centaurs
  2 phantoms
  A kobold brigand (D:6)
  2 necrophages
  A scorpion (D:6)
  9 bullfrogs
  4 wights (D:8)
  Dowan (D:7)
  11 killer bees
  4 howler monkeys
  3 gnoll boudas
  10 orc priests
  4 hounds
  3 jellies
  6 iguanas
  8 orc wizards
  7 adders
  21 gnolls
  A white imp (D:7)
  An ufetubus (D:4)
  A worm (D:2)
  7 dart slugs
  68 orcs
  4 bats
  6 endoplasms
  7 giant cockroaches
  15 goblins
  3 hobgoblins
  5 jackals
  6 kobolds
  5 quokkas
  4 ball pythons
  7 frilled lizards
  3 rats
392 creatures vanquished.

Vanquished Creatures (others)
  A steam dragon (Volcano)
  A kobold (D:7)
  20 fungi
  124 plants
146 creatures vanquished.

Grand Total: 538 creatures vanquished

Notes
Turn   | Place    | Note
-------+----------+-------------------------------------------
     0 | D:1      | Dreamer the Formicid Berserker began the quest for the Orb.
     0 | D:1      | Reached XP level 1. HP: 18/18 MP: 1/1
   217 | D:1      | Reached XP level 2. HP: 23/24 MP: 2/2
   229 | D:1      | Reached skill level 1 in Throwing
   533 | D:1      | Reached XP level 3. HP: 25/29 MP: 3/3
   772 | D:1      | Found Acurucud's Magic Scroll Shoppe.
  1243 | D:2      | Found a white marble altar of Elyvilon.
  1367 | D:2      | You fall into a shaft and drop 1 floor!
  1548 | D:3      | Reached ** piety under Trog
  1558 | D:3      | Reached XP level 4. HP: 34/37 MP: 4/4
  1658 | D:3      | Found a blossoming altar of Fedhas.
  2242 | D:3      | Found a transporter.
  2242 | D:3      | Found a one-way gate to the infinite horrors of the Abyss.
  2242 | D:3      | Noticed niknal's ghost (amateur GrFi)
  2252 | D:3      | Found a transporter.
  2295 | D:3      | Reached skill level 4 in Maces & Flails
  2677 | D:3      | Reached XP level 5. HP: 33/42 MP: 5/5
  3346 | D:4      | Found a sacrificial altar of Ru.
  3393 | D:4      | Found a staircase to the Ecumenical Temple.
  3418 | Temple   | Entered the Ecumenical Temple
  3467 | D:4      | Reached XP level 6. HP: 38/48 MP: 6/6
  3993 | D:4      | Reached skill level 5 in Maces & Flails
  4277 | D:5      | Entered Level 5 of the Dungeon
  4326 | D:5      | Reached *** piety under Trog
  4327 | D:5      | Reached XP level 7. HP: 47/53 MP: 7/7
  5118 | D:5      | Reached skill level 5 in Fighting
  6129 | D:5      | Reached skill level 6 in Maces & Flails
  6129 | D:5      | Reached skill level 5 in Throwing
  6129 | D:5      | Reached XP level 8. HP: 50/62 MP: 8/8
  6383 | D:6      | Noticed a yak
  6428 | D:6      | Noticed a yak
  6428 | D:6      | Noticed a yak
  6809 | D:6      | Killed a yak
  6810 | D:6      | Reached skill level 7 in Maces & Flails
  6856 | D:6      | Reached XP level 9. HP: 69/69 MP: 9/9
  7178 | D:6      | Reached skill level 8 in Maces & Flails
  8166 | D:6      | Reached **** piety under Trog
  8739 | D:7      | Noticed Duvessa
  8757 | D:7      | Killed Duvessa
  8757 | D:7      | Noticed Dowan
  8767 | D:7      | Killed Dowan
  8840 | D:7      | Reached XP level 10. HP: 79/79 MP: 10/10
  9023 | D:7      | Found a shadowy altar of Dithmenos.
  9026 | D:7      | Found a radiant altar of Vehumet.
  9349 | D:8      | Found a flagged portal.
  9393 | Bailey   | Entered a bailey
  9542 | Bailey   | Reached skill level 9 in Maces & Flails
  9786 | Bailey   | Noticed an orc knight
  9917 | Bailey   | Killed an orc knight
 10132 | Bailey   | Noticed an orc knight
 10170 | Bailey   | Killed an orc knight
 11159 | D:8      | Reached skill level 10 in Maces & Flails
 11401 | D:8      | Noticed Maggie
 11422 | D:8      | Killed Maggie
 11423 | D:8      | Reached XP level 11. HP: 71/86 MP: 11/11
 11579 | D:9      | Reached skill level 1 in Invocations
 11812 | D:9      | Reached skill level 10 in Throwing
 11882 | D:9      | Reached ***** piety under Trog
 11901 | D:9      | Noticed an elephant
 11913 | D:9      | Killed an elephant
 12389 | D:9      | Found a staircase to the Lair.
 12707 | D:10     | Entered Level 10 of the Dungeon
 12713 | D:10     | Noticed a two-headed ogre
 13086 | D:10     | Noticed a two-headed ogre
 13211 | D:9      | Reached skill level 5 in Armour
 13483 | Lair:1   | Entered Level 1 of the Lair of Beasts
 13588 | Lair:1   | Reached skill level 11 in Maces & Flails
 14661 | Lair:1   | Reached XP level 12. HP: 95/95 MP: 14/14
 15432 | Lair:2   | Found a dark tunnel.
 15533 | Volcano  | Entered a volcano
 15632 | Volcano  | Noticed a two-headed ogre
 15649 | Volcano  | Killed a two-headed ogre
 16350 | Volcano  | Noticed a two-headed ogre
 16405 | Volcano  | Killed a two-headed ogre
 16525 | Volcano  | Reached skill level 5 in Invocations
 17125 | Volcano  | Noticed a fire dragon
 17201 | Volcano  | Noticed a ghost moth
 17201 | Volcano  | a fire dragon changed into a ghost moth
 17216 | Volcano  | Killed a ghost moth
 17217 | Volcano  | Reached skill level 12 in Maces & Flails
 18000 | Lair:2   | Reached XP level 13. HP: 66/103 MP: 17/17
 18576 | Lair:2   | Reached skill level 10 in Fighting
 18648 | Lair:2   | Reached skill level 5 in Dodging
 19142 | Lair:2   | Identified the +7 morningstar "Evoed" {vorpal, rC+} (Trog
                  | gifted it to you on level 2 of the Lair of Beasts)
 19142 | Lair:2   | Received a gift from Trog
 19725 | Lair:3   | Noticed Kirke
 19797 | Lair:3   | Noticed a catoblepas
 20522 | D:10     | Found a runed translucent door.
 21252 | D:11     | Reached skill level 13 in Maces & Flails
 22696 | D:12     | Gained mutation: You occasionally lose the ability to read
                  | scrolls when taking damage. [potion of mutation]
 22696 | D:12     | Gained mutation: You passively dampen the noise of your
                  | surroundings. [potion of mutation]
 22696 | D:12     | Gained mutation: You are weak. (Str -2) [potion of
                  | mutation]
 22696 | D:12     | Gained mutation: You are partially covered in iridescent
                  | scales. (AC +2) [potion of mutation]
 23157 | D:12     | Reached XP level 14. HP: 111/111 MP: 19/19
 23244 | D:12     | Found a staircase to the Orcish Mines.
 23347 | D:12     | Noticed Frances
 23383 | D:12     | Killed from afar by Frances

Illustrated notes

Levels and vault maps discovered:
D:1:      roderic_crop_circles_arrival_small, layout_basic, serial_shops, shop
D:2:      layout_rooms, basic_altar
D:3:      layout_basic, lemuel_crystal_altar, gammafunk_ghost_abyssal_escape,
          dk_vineyard_3
D:4:      layout_basic, mainiacjoe_overflow_cross_hatched,
          minmay_temple_entry_statues_pillars
D:5:      layout_loops_ring, chequers_hall_statues_wall_a,
          nicolae_elevator_lobby_plus
D:6:      layout_basic
D:7:      layout_cave_pools, minitemple, uniq_duvessa
D:8:      layout_loops_ring, enter_bailey_3, uniq_maggie
D:9:      layout_long_grid, david_lair_generic
D:10:     layout_loops_cross, minmay_st_funbox, minmay_fountain_box,
          st_stairs_14, minmay_fractal_squares_diagonal_5
D:11:     layout_loops_cross, serial_rivers, chequers_serial_rivers_large_b,
          chequers_serial_rivers_room_b, chequers_serial_rivers_small_b,
          chequers_serial_rivers_small_b, chequers_serial_rivers_large_a
D:12:     layout_cave_pools, erik_orc_3, hangedman_abyss_or_decor_slice,
          uniq_frances
Temple:   mainiacjoe_temple_bowtie_tessellation
Lair:1:   layout_gridlike, st_stairs_11, hangedman_lair_unloving_vines,
          chequers_serial_rivers_small_a
Lair:2:   layout_loops_ring, nicolae_volcano_entry_lava_flow,
          nicolae_lair_grove_arrangements, chequers_serial_rivers_micro_a,
          grunt_megastairs_1, lemuel_fruit_tree, lemuel_fruit_fields
Lair:3:   layout_misc_corridors, minmay_swamp_entry_worms, dummy_snake_entry,
          beast_lair_carwin_7, serial_bayou_shore_a, lemuel_fruit_fields,
          uniq_kirke

Skill      XL: |  1  2  3  4  5  6  7  8  9 10 11 12 13 |
---------------+----------------------------------------+-----
Throwing       | 1 2 3 4 5 6 8 9 10 11 12 | 12.9
Maces & Flails | 4 5 6 7 8 10 11 12 13 | 13.2
Fighting       | 4 5 6 7 8 9 10 | 10.6
Armour         | 4 5 6 7 |  7.8
Dodging        | 2 3 4 5 |  5.8
Invocations    | 3 5 7 |  7.1

Action                   |  1- 3 |  4- 6 |  7- 9 | 10-12 | 13-15 || total
-------------------------+-------+-------+-------+-------+-------++-------
Melee: Mace              |    75 |       |       |       |       ||    75
       Flail             |     4 |   103 |   197 |   295 |       ||   599
       Hand axe          |       |    82 |   106 |    16 |       ||   204
       Punch             |       |     1 |     9 |    12 |     3 ||    25
       Dire flail        |       |       |       |   108 |       ||   108
       Giant club        |       |       |       |   101 |       ||   101
       Great mace        |       |       |       |    23 |   134 ||   157
       Morningstar       |       |       |       |       |   223 ||   223
       Unarmed           |       |       |       |       |     9 ||     9
Throw: Stone             |     6 |       |       |       |       ||     6
       Dart              |       |    27 |    30 |    59 |     6 ||   122
       Boomerang         |       |       |       |    68 |       ||    68
Invok: Trog's Hand       |       |       |       |     3 |     1 ||     4
 Abil: Dig               |       |       |     1 |     2 |       ||     3
Evoke: Wand              |       |       |       |     7 |     1 ||     8
  Use: Scroll            |       |       |     3 |       |    11 ||    14
       Potion            |       |       |       |     3 |     2 ||     5
 Stab: Sleeping          |     2 |       |       |       |       ||     2
       Invisible         |       |       |       |     4 |       ||     4
       Distracted        |       |       |       |     1 |       ||     1
Armor: Animal skin       |     6 |       |       |       |       ||     6
       Scale mail        |     1 |    68 |    89 |       |       ||   158
       Chain mail        |       |       |    49 |    35 |   206 ||   290
       Plate armour      |       |       |       |   193 |       ||   193
Dodge: Dodged            |    38 |    94 |   152 |   163 |   169 ||   616
Block: Other             |       |       |    33 |   117 |    88 ||   238
       Reflection        |       |       |     2 |     1 |     1 ||     4

Table legend: (Time is in decaauts)
 A = Elapsed time spent in this place.
 B = Non-inter-level travel time spent in this place.
 C = Inter-level travel time spent in this place.
 D = Time resting spent in this place.
 E = Time spent auto-exploring this place.
 F = Levels seen in this place.
 G = Mean time per level.
                   A        B        C        D        E       F      G
               +--------+--------+--------+--------+--------+-----+--------+
         Total |  23387 |  22517 |    870 |   9086 |   7805 |  18 | 1299.3 |
       Dungeon |  15294 |  14687 |    607 |   4394 |   6301 |  12 | 1274.5 |
        Temple |     25 |     25 |      0 |      0 |      8 |   1 |   25.0 |
          Lair |   4800 |   4538 |    262 |   2531 |   1290 |   3 | 1600.0 |
        Bailey |   1297 |   1297 |      0 |    782 |    102 |   1 | 1297.0 |
       Volcano |   1969 |   1969 |      0 |   1379 |    104 |   1 | 1969.0 |
               +--------+--------+--------+--------+--------+-----+--------+

Top non-repeatable levels by time:
  Lair:2: 2743 daAuts
     D:5: 2318 daAuts
  Lair:1: 2042 daAuts
 Volcano: 1969 daAuts
     D:9: 1648 daAuts
    D:11: 1597 daAuts
     D:4: 1540 daAuts
     D:6: 1510 daAuts
  Bailey: 1297 daAuts
     D:3: 1273 daAuts
     D:1: 1251 daAuts
    D:10: 1067 daAuts
     D:8: 1042 daAuts
     D:7: 780 daAuts
    D:12: 684 daAuts
